 Dungeon Crawl Stone Soup version 0.31-a0-963-ga325b2283a (webtiles) character file.

Game seed: 3777888123152823607

73 Bnni the Chopper (level 4, -2/41 HPs)
             Began as a Hill Orc Monk on Oct 24, 2023.
             Was a Believer of Beogh.
             Succumbed to an orc's poison
             ... on level 3 of the Dungeon.
             The game lasted 00:02:48 (1715 turns).

Bnni the Chopper (Hill Orc Monk)                    Turns: 1715, Time: 00:02:49

Health: -2/41      AC:  7    Str: 15    XL:     4   Next: 27%
Magic:  4/4        EV: 11    Int: 10    God:    Beogh [**....]
Gold:   129        SH:  5    Dex: 13    Spells: 3/3 levels left

rFire   + . .        a - +0 hand axe
rCold   . . .        d - orb {light}
rNeg    + . .        s - +0 ring mail
rPois   .            (no helmet)
rElec   .            (no cloak)
rCorr   .            t - +0 pair of gloves
SInv    .            i - +0 pair of boots
Will    .....        r - amulet of reflection
Stlth   +            h - ring of protection from fire
HPRegen 0.26/turn    n - ring of positive energy
MPRegen 0.09/turn

%: reflection
@: lethally poisoned (-2 -> -25), glowing, invisible (but backlit and visible)
A: no striking features
a: Renounce Religion, Smiting


You were on level 3 of the Dungeon.
You worshipped Beogh.
Beogh was pleased with you.
You visited 1 branch of the dungeon, and saw 3 of its levels.

You collected 129 gold pieces.

Inventory:

Hand Weapons
 a - a +0 hand axe (weapon)
Missiles
 p - 3 boomerangs
 u - 6 poisoned darts
Armour
 d - an orb of light (worn)
 i - a +0 pair of boots (worn)
 s - a +0 ring mail (worn)
 t - a +0 pair of gloves (worn)
Jewellery
 h - a ring of protection from fire (left hand)
 n - a ring of positive energy (right hand)
 r - an amulet of reflection (around neck)
Scrolls
 e - a scroll of noise {unknown}
 f - 2 scrolls of identify {unknown}
 g - a scroll of enchant armour {unknown}
 j - a scroll of teleportation {unknown}
 l - a scroll of fear {unknown}
 m - a scroll of butterflies {unknown}
 q - a scroll of blinking {unknown}
Potions
 c - a potion of ambrosia


   Skills:
 + Level 4.5 Fighting
 * Level 5.8 Axes
 - Level 2.4 Dodging
 + Level 0.6 Invocations


You had 3 spell levels left.
You didn't know any spells.
Your spell library was empty.

Dungeon Overview and Level Annotations

Branches:
Dungeon (3/15)

Altars:
Qazlal

Shops:
D:3 :


Message History

The orc wizard hits you but does no damage.
The orc hits you but does no damage.
You are more poisoned.
You hit the orc wizard but do no damage.
You feel less invigorated.
You feel very sick. The orc hits you but does no damage.
You are more poisoned.
You bump into the rock wall.
You feel very sick. The orc wizard misses you.
The orc hits you from afar with a +0 trident of venom.
You are more poisoned.
Unknown command.
You bump into the rock wall.
You feel very sick. The orc barely misses you.
The orc wizard gestures at you while chanting.
You resist with some effort. The orc hits you but does no damage.
Unknown command.
You're too confused to move!
You feel very sick.
The orc wizard gestures at you while chanting.
The puff of flame misses you.
The orc hits you from afar with a +0 trident of venom.
Unknown command.
It was a potion of invisibility.
You become transparent, but the glow from your halo prevents you from becoming completely invisible.
* * * LOW HITPOINT WARNING * * *
You feel very sick. The orc wizard casts a spell at you.
The puff of flame hits you. You resist.
* * * LOW HITPOINT WARNING * * *
The orc hits you but does no damage.
You are more poisoned.
The orc hits you with a +0 mace.
* * * LOW HITPOINT WARNING * * *
It was a potion of magic.
Magic courses through your body.
You feel less confused.
You die...

# #.# ############.## #.# # #.#
##...).........# #.# # #.#
#..§....≈.....§# #.#
######.#######.#.......%...§###.#
..o...............§§...≈§§≈......
######.#########.§≈##≈##≈§....###
#.....# #.§§#≈≈≈§#§§..## #.....#
#.§≈≈≈⌠_≈≈...##
######.....#####@..≈≈>.≈§≈..#
.....#.....w†..oo..#§≈≈≈+...#
.....#.....###o#...####§≈...#
.....#.....# #.#.....≈§≈≈...#
.....#.....# #....≈†.§§.....#
....##.....# ##......§§.....#
....##.....# #..........####
....##.∩...# ############
....##.....#


You could see an orc wizard, a dart slug and 2 orcs.

Vanquished Creatures
  3 adders (D:2)
  2 worms (D:2)
  7 ball pythons
  6 endoplasms
  5 goblins
  5 hobgoblins
  3 quokkas (D:1)
  9 kobolds
  A rat (D:1)
41 creatures vanquished.

Notes
Turn   | Place    | Note
-------+----------+-------------------------------------------
     0 | D:1      | Bnni the Hill Orc Monk began the quest for the Orb.
     0 | D:1      | Reached XP level 1. HP: 19/19 MP: 1/1
    65 | D:1      | Reached XP level 2. HP: 4/27 MP: 2/2
   511 | D:1      | Reached skill level 5 in Axes
   513 | D:1      | Reached XP level 3. HP: 28/33 MP: 3/3
   841 | D:2      | Became a worshipper of Beogh the Brigand
   841 | D:2      | Reached * piety under Beogh
   841 | D:2      | Reached ** piety under Beogh
   855 | D:2      | Reached XP level 4. HP: 21/41 MP: 4/4
  1438 | D:3      | Found a stormy altar of Qazlal.
  1524 | D:3      | Found Kuqelix's Book Emporium.
  1715 | D:3      | Succumbed to an orc's poison

Illustrated notes

Levels and vault maps discovered:
D:1:      dpeg_arrival_ternary, layout_rooms
D:2:      layout_rooms, supply_closet_lemuel, chequers_serial_rivers_room_a
D:3:      layout_basic, mainiacjoe_overflow_boulevard,
          nicolae_qazlal_general_emergency, serial_shops, shop, dk_vineyard_2

Skill      XL: |  1  2 |
---------------+-------+-----
Fighting       | 4 |  4.5
Axes           | 5 |  5.8
Dodging        | |  2.4
Invocations    | |  0.6

Action                     |  1- 3 |  4- 6 || total
---------------------------+-------+-------++-------
  Melee: Hand axe          |    90 |    30 ||   120
 Invoke: Convert to Beogh  |     1 |       ||     1
    Use: Potion            |       |     3 ||     3
 Armour: Robe              |    45 |     8 ||    53
         Ring mail         |       |    14 ||    14
  Dodge: Dodged            |    52 |    24 ||    76
  Block: Orb               |       |     3 ||     3
         Reflection        |       |     1 ||     1

Table legend: (Time is in decaauts)
 A = Elapsed time spent in this place.
 B = Non-inter-level travel time spent in this place.
 C = Inter-level travel time spent in this place.
 D = Time resting spent in this place.
 E = Time spent auto-exploring this place.
 F = Levels seen in this place.
 G = Mean time per level.
                   A        B        C        D        E       F      G
               +--------+--------+--------+--------+--------+-----+--------+
         Total |   1720 |   1657 |     63 |      3 |   1279 |   3 |  573.3 |
       Dungeon |   1720 |   1657 |     63 |      3 |   1279 |   3 |  573.3 |
               +--------+--------+--------+--------+--------+-----+--------+

Top non-repeatable levels by time:
     D:1: 685 daAuts
     D:2: 677 daAuts
     D:3: 356 daAuts
